2943 views
Uploaded 2019-12-04 22:16:51
Game version 1.32.0.3 / 1.32.0.3.1
7:06 long 2on2 ladder game on (4)Avalanche_LV
Saved by BEARAND
2943 views
Uploaded 2019-12-04 22:16:51
Game version 1.32.0.3 / 1.32.0.3.1
7:06 long 2on2 ladder game on (4)Avalanche_LV


/ 0.1k
12 buildings @ 1.8k
/ 0.6k

| Peon | 6 | 450 | / | 0 |
| Grunt | 3 | 600 | / | 0 |
| Troll Headhunter | 4 | 560 | / | 80 |
| total: | 13 | 1610g | / | 80w |
| Watch Tower | 2 | 220 | / | 160 |
| Barracks | 1 | 180 | / | 50 |
| Altar of Storms | 1 | 180 | / | 50 |
| Orc Burrow | 3 | 480 | / | 120 |
| War Mill | 1 | 205 | / | 0 |
| total: | 8 | 1265g | / | 380w |
| 0:04 | Peon |
| 0:05 | Peon |
| 0:05 | Peon |
| 0:05 | Peon |
| 0:05 | Peon |
| 0:25 | Barracks |
| 0:55 | Altar of Storms |
| 1:01 | Peon |
| 1:08 | Orc Burrow |
| 1:36 | Orc Burrow |
| 2:10 | War Mill |
| 2:36 | Orc Burrow |
| 2:38 | Grunt |
| 2:38 | Grunt |
| 2:48 | Grunt |
| 3:40 | Chain Lighting |
| 5:17 | Troll Headhunter |
| 5:17 | Troll Headhunter |
| 5:18 | Troll Headhunter |
| 5:18 | Troll Headhunter |
| 6:13 | Watch Tower |
| 6:17 | Watch Tower |
| Right click | 156 |
| Select | 45 |
| Build/train/purchase | 15 |
| Use ability | 4 |
| Esc | 2 |

| Peasant | 7 | 525 | / | 0 |
| Footman | 6 | 810 | / | 0 |
| total: | 13 | 1335g | / | 0w |
| Altar of Kings | 1 | 180 | / | 50 |
| Farm | 1 | 80 | / | 20 |
| Barracks | 1 | 160 | / | 60 |
| Blacksmith | 1 | 140 | / | 60 |
| total: | 4 | 560g | / | 190w |
| 0:08 | Peasant |
| 0:08 | Peasant |
| 0:09 | Peasant |
| 0:09 | Peasant |
| 0:09 | Peasant |
| 0:34 | Altar of Kings |
| 0:43 | Farm |
| 0:58 | Barracks |
| 2:13 | Blacksmith |
| 2:25 | Peasant |
| 2:35 | Peasant |
| 3:07 | Holy Light |
| 3:19 | Footman |
| 5:28 | Footman |
| 5:28 | Footman |
| 5:28 | Footman |
| 5:28 | Footman |
| 5:29 | Footman |
| Right click | 49 |
| Select | 44 |
| Build/train/purchase | 17 |
| Use ability | 1 |
31 units @ 2.3k
/ 0k
53 buildings @ 4.6k
/ 2.4k

| Healing Salve | 1 | 100 |
| Lesser Clarity Potion | 2 | 140 |
| Circlet of Nobility | 1 | 175 |
| total: | 4 | 415g |
| Peon | 16 | 1200 | / | 0 |
| total: | 16 | 1200g | / | 0w |
| Watch Tower | 20 | 2200 | / | 1600 |
| Altar of Storms | 1 | 180 | / | 50 |
| Orc Burrow | 2 | 320 | / | 80 |
| Voodoo Lounge | 3 | 390 | / | 90 |
| War Mill | 1 | 205 | / | 0 |
| Barracks | 1 | 180 | / | 50 |
| total: | 28 | 3475g | / | 1870w |
| 0:03 | Peon |
| 0:03 | Peon |
| 0:05 | Altar of Storms |
| 0:10 | Peon |
| 0:13 | Orc Burrow |
| 0:26 | Peon |
| 0:39 | Voodoo Lounge |
| 0:47 | Peon |
| 0:57 | Peon |
| 1:10 | War Mill |
| 1:17 | Peon |
| 1:26 | Peon |
| 1:32 | Orc Burrow |
| 1:40 | Peon |
| 1:53 | Peon |
| 1:53 | Peon |
| 2:03 | Wind Walk |
| 2:07 | Healing Salve |
| 2:07 | Lesser Clarity Potion |
| 2:09 | Lesser Clarity Potion |
| 2:18 | Peon |
| 2:29 | Circlet of Nobility |
| 2:38 | Peon |
| 2:38 | Peon |
| 2:48 | Watch Tower |
| 2:58 | Watch Tower |
| 3:27 | Spiked Barricades |
| 3:50 | Voodoo Lounge |
| 3:58 | Voodoo Lounge |
| 4:00 | Peon |
| 4:00 | Peon |
| 4:10 | Watch Tower |
| 4:11 | Watch Tower |
| 4:14 | Watch Tower |
| 4:35 | Watch Tower |
| 4:49 | Watch Tower |
| 4:50 | Barracks |
| 4:51 | Watch Tower |
| 4:52 | Watch Tower |
| 5:14 | Watch Tower |
| 5:15 | Watch Tower |
| 5:16 | Watch Tower |
| 5:33 | Watch Tower |
| 5:47 | Watch Tower |
| 5:55 | Watch Tower |
| 5:59 | Critical Strike |
| 6:32 | Watch Tower |
| 6:38 | Watch Tower |
| 6:49 | Watch Tower |
| 6:51 | Watch Tower |
| 7:03 | Watch Tower |
| Right click | 334 |
| Select group | 237 |
| Select | 97 |
| Chat | 76 |
| Build/train/purchase | 40 |
| Esc | 10 |
| Minimap ping | 7 |
| Assign group | 3 |
| Use ability | 2 |
| Misc. action | 1 |
| Item give/drop | 1 |

| Lesser Clarity Potion | 1 | 70 |
| Boots of Speed | 1 | 250 |
| Staff of Teleportation | 1 | 150 |
| Healing Salve | 1 | 100 |
| total: | 4 | 570g |
| Peasant | 15 | 1125 | / | 0 |
| total: | 15 | 1125g | / | 0w |
| Scout Tower | 21 | 630 | / | 420 |
| Arcane Tower | 1 | 70 | / | 50 |
| Guard Tower | 13 | 910 | / | 650 |
| Altar of Kings | 1 | 180 | / | 50 |
| Farm | 2 | 160 | / | 40 |
| Lumber Mill | 1 | 120 | / | 0 |
| Keep | 1 | 320 | / | 210 |
| total: | 25 | 1090g | / | 510w |
| 0:01 | Peasant |
| 0:01 | Peasant |
| 0:07 | Altar of Kings |
| 0:17 | Farm |
| 0:19 | Peasant |
| 0:27 | Peasant |
| 0:38 | Peasant |
| 0:43 | Farm |
| 0:50 | Lumber Mill |
| 0:53 | Peasant |
| 0:57 | Scout Tower |
| 1:01 | Peasant |
| 1:11 | Peasant |
| 1:17 | Scout Tower |
| 1:34 | Arcane Tower |
| 1:35 | Peasant |
| 1:54 | Peasant |
| 1:56 | Peasant |
| 1:57 | Scout Tower |
| 1:58 | Scout Tower |
| 1:59 | Scout Tower |
| 1:59 | Scout Tower |
| 2:07 | Summon Water Elemental |
| 2:15 | Peasant |
| 2:16 | Guard Tower |
| 2:32 | Peasant |
| 2:34 | Guard Tower |
| 2:35 | Peasant |
| 2:55 | Peasant |
| 2:56 | Guard Tower |
| 3:24 | Guard Tower |
| 3:31 | Brilliance Aura |
| 3:53 | Guard Tower |
| 4:00 | Boots of Speed |
| 4:00 | Staff of Teleportation |
| 4:09 | Scout Tower |
| 4:10 | Scout Tower |
| 4:10 | Scout Tower |
| 4:25 | Scout Tower |
| 4:26 | Scout Tower |
| 4:26 | Scout Tower |
| 4:49 | Guard Tower |
| 4:49 | Guard Tower |
| 4:52 | Scout Tower |
| 4:52 | Scout Tower |
| 4:53 | Scout Tower |
| 5:19 | Guard Tower |
| 5:20 | Guard Tower |
| 5:29 | Improved Masonry |
| 5:31 | Keep |
| 6:10 | Scout Tower |
| 6:10 | Scout Tower |
| 6:12 | Healing Salve |
| 6:24 | Lesser Clarity Potion |
| 6:49 | Scout Tower |
| 6:49 | Scout Tower |
| 6:50 | Scout Tower |
| 6:51 | Guard Tower |
| 7:02 | Scout Tower |
| Right click | 664 |
| Select | 159 |
| Select group | 86 |
| Build/train/purchase | 69 |
| Chat | 41 |
| Assign group | 15 |
| Use ability | 4 |
| Misc. action | 2 |
| Item give/drop | 1 |
| Minimap ping | 1 |